 Dungeon Crawl Stone Soup version 0.31-a0-845-g9abc20d24f (webtiles) character file.

Game seed: 1824046666245483161

51564 GigaChad the Severer (level 15, -3/116 HPs) *EXPLORE*
             Began as a Formicid Fighter on Oct 2, 2023.
             Was a High Priest of the Shining One.
             Slain by an ice dragon (4 damage)
             ... on level 15 of the Dungeon.
             The game lasted 00:18:32 (15759 turns).

GigaChad the Severer (Formicid Fighter)            Turns: 15759, Time: 00:18:33

Health: -3/116     AC: 20    Str: 33    XL:     15   Next: 2%
Magic:  26/26      EV:  8    Int:  9    God:    the Shining One [*****.]
Gold:   1119       SH:  6    Dex: 13    Spells: 28/28 levels left

rFire   . . .        A - +2 battleaxe
rCold   . . .        c - +0 buckler
rNeg    + + .        r - +0 plate armour
rPois   .            (helmet unavailable)
rElec   .            q - +1 cloak
rCorr   .            n - +2 pair of gloves
SInv    +            (no boots)
Will    +....        (no amulet) Stlth
                     b - +6 ring of strength
HPRegen 0.39/turn    (no ring)
MPRegen 0.20/turn

%: no passive effects
@: glowing
A: permanent stasis, dig shafts and tunnels, antennae 3, four strong arms
a: Dig, Shaft Self, Renounce Religion, Divine Shield, Cleansing Flame, Summon
Divine Warrior


You were on level 15 of the Dungeon.
You worshipped the Shining One.
The Shining One was extremely pleased with you.
You visited 3 branches of the dungeon, and saw 17 of its levels.

You collected 1149 gold pieces.
You paid 30 gold pieces to Gozag.

Inventory:

Hand Weapons
 a - a +1 war axe
 v - the +5 flail of Ignis's Envy {holy, rPois rN+ SInv}
   (You found it on level 5 of the Dungeon)

   rPois:     It protects you from poison rN+: It protects you from negative
   energy.
   SInv:      It lets you see invisible.
 A - a +2 battleaxe (weapon)
 G - a +3 war axe of venom
 O - a +1 great sword of electrocution
Armour
 c - a +0 buckler (worn)
 n - a +2 pair of gloves (worn)
 q - a +1 cloak (worn)
 r - a +0 plate armour (worn)
Jewellery
 b - a +6 ring of strength (left hand)
 g - a ring of wizardry
 w - a ring of protection from cold
 x - a ring of magical power
 N - a ring of poison resistance
Talismans
 h - a flux talisman
 B - a beast talisman
 P - a maw talisman
Wands
 e - a wand of flame (22)
 o - a wand of polymorph (16)
 D - a wand of roots (12)
 L - a wand of quicksilver (10)
Scrolls
 f - 2 scrolls of poison
 i - 4 scrolls of fog
 j - a scroll of summoning
 l - 2 scrolls of blinking
 s - 9 scrolls of teleportation
 t - a scroll of enchant armour {unknown}
 y - 3 scrolls of identify
 C - 4 scrolls of fear
 E - 3 scrolls of amnesia
 H - 2 scrolls of enchant weapon
 I - a scroll of acquirement {unknown}
 M - a scroll of immolation
 S - a scroll of silence {unknown}
Potions
 d - 3 potions of might
 k - 5 potions of degeneration {unknown}
 m - 4 potions of heal wounds
 p - 6 potions of curing
 u - a potion of brilliance {unknown}
 z - a potion of mutation {unknown}
 F - 2 potions of lignification {unknown}
 J - a potion of invisibility {unknown}
 K - a potion of resistance {unknown}
 Q - a potion of cancellation {unknown}
 R - a potion of haste {unknown}


   Skills:
 * Level 10.3 Fighting
 * Level 15.6 Axes
 * Level 10.6 Armour
 * Level 9.9 Stealth
 * Level 10.6 Shields
 * Level 7.4 Spellcasting
 * Level 5.0 Invocations
 * Level 7.2 Shapeshifting


You had 28 spell levels left.
You didn't know any spells.
Your spell library contained the following spells:

 Spells                   Type           Power      Damage    Failure   Level
 Apportation              Tloc           6%         N/A       77%         1
 Sandblast                Erth           6%         2d5       77%         1
 Ensorcelled Hibernation  Hex/Ice        6%         N/A       88%         2
 Jinxbite                 Hex            6%         N/A       88%         2
 Passwall                 Tmut/Erth      2%         N/A       88%         2
 Ozocubu's Armour         Ice            3%         N/A       98%         3
 Stone Arrow              Conj/Erth      6%         3d7       98%         3
 Brom's Barrelling Bould  Conj/Erth      3%         2d3       100%        4
 Alistair's Intoxication  Tmut/Pois      2%         N/A       100%        5
 Ozocubu's Refrigeration  Ice            1%         4d7       100%        7
 Swiftness                Air            Unusable   N/A       N/A         3

Dungeon Overview and Level Annotations

Branches:
Dungeon (15/15)            Temple (1/1) D:5            Lair (1/5) D:8
    Orc (0/2) D:11         Vaults (0/5) D:14
 Depths: D:15

Altars:
Ashenzari
Cheibriados
Dithmenos
Elyvilon
Fedhas
Gozag
Hepliaklqana
Kikubaaqudgha
Makhleb
Nemelex Xobeh
Okawaru
Qazlal
Ru
Sif Muna
Trog
Uskayaw
Vehumet
Wu Jian
Xom
Yredelemnul
Zin
The Shining One


Innate Abilities, Weirdness & Mutations

You cannot be hasted, slowed, berserked, paralysed or teleported.
You can dig through walls and to a lower floor.
You have a pair of large antennae on your head. (SInv)
Your four strong arms can wield two-handed weapons with a shield.


Message History

You completely miss the ice dragon. The ice dragon bites you.
The ice dragon closely misses you. The ice dragon tramples you.
You hold your ground!
The ice dragon bites you. You block the ice dragon's attack.
The ice dragon tramples you but does no damage.
You barely miss the ice dragon.
The ice dragon is lightly wounded.
You hit the ice dragon. You block the ice dragon's attack.
The ice dragon claws you but does no damage.
The ice dragon tramples you.
You hold your ground!
The ice dragon barely misses you.
The ice dragon claws you but does no damage.
The ice dragon tramples you but does no damage.
You hit the ice dragon.
The ice dragon is lightly wounded.
You slash the ice dragon! The ice dragon closely misses you.
You block the ice dragon's attack. The ice dragon tramples you.
* * * LOW HITPOINT WARNING * * *
You hold your ground!
The ice dragon bites you but does no damage.
You block the ice dragon's attack. The ice dragon misses you.
You hit the ice dragon but do no damage.
The ice dragon is lightly wounded.
You slash the ice dragon! The ice dragon breathes frost at you.
The blast of cold hits you!
* * * LOW HITPOINT WARNING * * *
The ice dragon breathes frost at you. The blast of cold hits you!!
The Shining One protects you from harm!
You slash the ice dragon!
The ice dragon is moderately wounded.
You hit the ice dragon. The ice dragon bites you!
* * * LOW HITPOINT WARNING * * *
You block the ice dragon's attack. The ice dragon tramples you!
* * * LOW HITPOINT WARNING * * *
You hold your ground!
The ice dragon bites you.
* * * LOW HITPOINT WARNING * * *
The ice dragon claws you.
You die...

.....# #....## .........#
.....# #†..##. .##.........#
## .....# #...#$.
.$#...#.....###.
.....#####...#$.
.$#...#.....##..
#............#$. .$##...
#.....# #....###.#...#$. .$#
#..###...### #....#
#.###.#..#..###...##.#.###
#....# #.#
#.##DD.##........#.... #....#
#.# #..##@###.........####
##..####.#
#..##.##.......##...##
#..###..#
#...#...^......###....
#......## ##.##..8.......#
#.##. ##.....# #.###.........#
#.... ##...##
#.#.##........####..#
#...######.#..##......).###...
#........#.###.#######)...#..#
#...####......................


You could see 2 ice dragons.

Vanquished Creatures
  Rupert (D:13)
  An ironbound preserver (D:14)
  Snorg (D:13)
  Josephine (D:11)
  Erolcha (D:13)
  An ogre mage (D:15)
  8 centaur warriors
  6 boulder beetles
  8 two-headed ogres
  A tengu warrior (D:14)
  Sonja (D:10)
  Nergalle (D:11)
  8 skeletal warriors
  A wizard (D:15)
  Pikel (D:8)
  6 deep elf pyromancers
  9 ugly things
  5 cyclopes
  3 manticores
  Maurice (D:10)
  2 gargoyles
  Joseph (D:8)
  An unseen horror (D:11)
  A cane toad (shapeshifter) (D:14)
  4 kobold demonologists
  A freezing wraith (D:15)
  Psyche (D:8)
  3 trolls
  2 hornets
  4 blink frogs (Lair:1)
  15 slime creatures
  Sigmund (D:3)
  A shadow (D:11)
  3 vampires
  11 yaks
  3 basilisks
  A wyvern (D:10)
  5 wraiths
  2 steam dragons
  9 vampire mosquitoes
  4 water moccasins
  2 ice beasts
  4 orc warriors
  3 sky beasts
  5 ogres
  21 centaurs
  2 lemures (D:8)
  2 phantoms
  6 kobold brigands
  8 bullfrogs
  11 wights
  8 howler monkeys
  5 hounds
  5 orc priests
  Jessica (D:3)
  4 iguanas
  8 orc wizards
  8 adders
  2 white imps
  An ufetubus (D:4)
  A worm (D:3)
  4 dart slugs
  24 orcs
  8 ball pythons
  5 bats
  11 endoplasms
  A giant cockroach (D:2)
  5 hobgoblins
  5 quokkas
  3 frilled lizards
  7 goblins
  19 kobolds
  9 rats
348 creatures vanquished.

Notes
Turn   | Place    | Note
-------+----------+-------------------------------------------
     0 | D:1      | GigaChad the Formicid Fighter began the quest for the Orb.
     0 | D:1      | Reached XP level 1. HP: 18/18 MP: 1/1
     0 | D:1      | Entered explore mode.
    95 | D:1      | Found a faded altar of an unknown god.
   118 | D:1      | Reached XP level 2. HP: 22/24 MP: 2/2
   358 | D:1      | Reached XP level 3. HP: 29/29 MP: 3/3
  1307 | D:3      | Reached XP level 4. HP: 36/36 MP: 4/4
  1336 | D:3      | Noticed a phantom
  1343 | D:3      | Reached skill level 3 in Axes
  1375 | D:3      | Found an opulent altar of Gozag.
  1402 | D:3      | Became a worshipper of Gozag Ym Sagoz the Greedy
  1453 | D:3      | Noticed Sigmund
  1482 | D:3      | Killed from afar by Sigmund (10 damage)
                  | ... with a puff of flame
  1486 | D:3      | Killed Sigmund
  1487 | D:3      | Reached skill level 4 in Axes
  1487 | D:3      | Reached skill level 1 in Stealth
  1487 | D:3      | Reached skill level 1 in Spellcasting
  1487 | D:3      | Reached skill level 1 in Shapeshifting
  1487 | D:3      | Reached XP level 5. HP: 38/42 MP: 4/6
  1487 | D:3      | Reached XP level 6. HP: 44/48 MP: 4/7
  1599 | D:3      | Reached skill level 5 in Shields
  1837 | D:3      | Noticed Jessica
  1852 | D:3      | Killed Jessica
  2035 | D:4      | Reached XP level 7. HP: 37/54 MP: 9/9
  2176 | D:4      | Reached skill level 5 in Axes
  2470 | D:4      | Noticed a +0 dagger
  2470 | D:4      | Noticed a +0 falchion
  2471 | D:4      | Noticed a +0 short sword
  2476 | D:4      | Noticed a +0 falchion
  2477 | D:4      | Noticed a +0 spear
  2477 | D:4      | Noticed a +0 dagger
  2477 | D:4      | Noticed a +0 short sword
  2479 | D:4      | Noticed a +0 spear
  2482 | D:4      | Found a hide-covered altar of Uskayaw.
  2743 | D:5      | Entered Level 5 of the Dungeon
  2777 | D:5      | Reached XP level 8. HP: 49/61 MP: 9/11
  2850 | D:5      | Reached skill level 6 in Axes
  2942 | D:5      | Noticed a hornet
  2957 | D:5      | HP: 3/61 [poisoned by a hornet]
  2958 | D:5      | Mangled by a hornet (10 damage)
  2967 | D:5      | Killed a hornet
  3025 | D:5      | Found a basalt altar of Yredelemnul.
  3042 | D:5      | Found a staircase to the Ecumenical Temple.
  3047 | D:5      | Identified the +5 flail of Ignis's Envy {holy, rPois rN+
                  | SInv}
  3067 | Temple   | Entered the Ecumenical Temple
  3084 | Temple   | Fell from the grace of Gozag
  3084 | Temple   | Became a worshipper of the Shining One
  3630 | D:6      | Reached skill level 5 in Fighting
  3630 | D:6      | Reached skill level 7 in Axes
  3631 | D:6      | Reached skill level 5 in Armour
  3631 | D:6      | Reached XP level 9. HP: 17/68 MP: 11/13
  4119 | D:6      | Found a snail-covered altar of Cheibriados.
  4171 | D:6      | Reached skill level 8 in Axes
  4635 | D:6      | Was forgiven by Gozag
  4904 | D:7      | Reached XP level 10. HP: 68/76 MP: 15/15
  5006 | D:7      | Reached skill level 5 in Stealth
  5199 | D:7      | Reached skill level 9 in Axes
  5537 | D:8      | Reached * piety under the Shining One
  5630 | D:8      | Noticed Psyche
  5633 | D:8      | Killed Psyche
  5645 | D:8      | Found a shimmering altar of Xom.
  5645 | D:8      | Found an iron altar of Okawaru.
  5646 | D:8      | Found a sparkling altar of Nemelex Xobeh.
  5881 | D:8      | Identified the +6 whip "Qipri" {holy, Will+ Str+3}
  5936 | D:8      | Found a staircase to the Lair.
  5943 | D:8      | Noticed Pikel
  5959 | D:8      | Killed Pikel
  6007 | D:8      | Noticed Joseph
  6016 | D:8      | Killed Joseph
  6017 | D:8      | Reached skill level 10 in Axes
  6347 | Lair:1   | Entered Level 1 of the Lair of Beasts
  6370 | Lair:1   | Reached XP level 11. HP: 31/83 MP: 17/17
  6552 | D:9      | Noticed a two-headed ogre
  6553 | D:9      | Found a stormy altar of Qazlal.
  6559 | D:9      | Killed a two-headed ogre
  6937 | D:9      | Reached ** piety under the Shining One
  7184 | D:9      | Noticed a two-headed ogre
  7189 | D:9      | Killed a two-headed ogre
  7190 | D:9      | Reached skill level 11 in Axes
  7438 | D:9      | Noticed a moth of wrath
  7440 | D:9      | Found a bloodstained altar of Trog.
  7495 | D:10     | Entered Level 10 of the Dungeon
  7495 | D:10     | Noticed a two-headed ogre
  7498 | D:10     | Noticed Maurice
  7501 | D:10     | Noticed Sonja
  7502 | D:10     | Killed a two-headed ogre
  7506 | D:10     | Maurice stole a ring of magical power
  7507 | D:10     | HP: 4/84 [poisoned by Sonja]
  7507 | D:10     | HP: 1/84 [Sonja/+2 short sword of venom (3)]
  7508 | D:10     | Succumbed to Sonja's poison
  7509 | D:10     | Killed Sonja
  7510 | D:10     | Maurice stole the +5 flail of Ignis's Envy {holy, rPois rN+
                  | SInv}
  7513 | D:10     | Killed Maurice
  7518 | D:10     | HP: 3/84 [kobold/+0 club (2)]
  7522 | D:10     | HP: 1/84 [poisoned by Sonja]
  7523 | D:10     | Succumbed to Sonja's poison
  7534 | D:10     | Reached skill level 5 in Spellcasting
  8289 | D:10     | Slain by a large slime creature (18 damage)
  8291 | D:10     | Reached skill level 5 in Shapeshifting
  8524 | D:10     | Reached XP level 12. HP: 81/92 MP: 19/19
  8528 | D:10     | Mangled by a large slime creature (29 damage)
  8532 | D:10     | The Shining One protects you from harm!
  8533 | D:10     | Mangled by a large slime creature (23 damage)
  8536 | D:10     | Reached skill level 12 in Axes
  8848 | D:11     | Found a staircase to the Orcish Mines.
  8868 | D:11     | Reached *** piety under the Shining One
  8876 | D:11     | Noticed Nergalle
  8877 | D:11     | Noticed a boulder beetle
  8886 | D:11     | HP: 2/92 [acid (7)]
  8887 | D:11     | Slain by Nergalle
                  | ... wielding a +0 dagger
                  | (4 damage)
  8894 | D:11     | Killed Nergalle
  8894 | D:11     | Noticed Josephine
  8905 | D:11     | Noticed a skeletal warrior
  8912 | D:11     | Killed from afar by Josephine (8 damage)
                  | ... with a ghostly fireball
  8916 | D:11     | Killed Josephine
  8924 | D:11     | Killed a skeletal warrior
  8931 | D:11     | Slain by a boulder beetle (12 damage)
  8940 | D:11     | Killed a boulder beetle
  8941 | D:11     | Reached skill level 13 in Axes
  9479 | D:11     | Noticed a skeletal warrior
  9483 | D:11     | Noticed a skeletal warrior
  9492 | D:11     | Killed a skeletal warrior
  9494 | D:11     | Noticed a skeletal warrior
  9495 | D:11     | Killed a skeletal warrior
  9496 | D:11     | Noticed a skeletal warrior
  9506 | D:11     | HP: 4/94 [skeletal warrior/+0 hand axe (16)]
  9507 | D:11     | Killed a skeletal warrior
  9507 | D:11     | Reached **** piety under the Shining One
  9508 | D:11     | Reached skill level 1 in Invocations
  9508 | D:11     | Reached XP level 13. HP: 14/99 MP: 20/22
  9512 | D:11     | Mangled by a skeletal warrior
                  | ... wielding a +0 trident
                  | (18 damage)
 10791 | D:13     | Reached skill level 14 in Axes
 11109 | D:13     | Killed from afar by a deep elf pyromancer (32 damage)
                  | ... with a bolt of fire
 11309 | D:13     | Noticed Snorg
 11321 | D:13     | Slain by Snorg (7 damage)
 11322 | D:13     | Killed Snorg
 11348 | D:13     | Noticed Erolcha
 11353 | D:13     | Killed Erolcha
 11398 | D:13     | Found a shimmering altar of Xom.
 11399 | D:13     | Found a shimmering altar of Xom.
 11399 | D:13     | Found a shimmering altar of Xom.
 11399 | D:13     | Found a shimmering altar of Xom.
 11399 | D:13     | Found a shimmering altar of Xom.
 11400 | D:13     | Found a shimmering altar of Xom.
 11400 | D:13     | Found a shimmering altar of Xom.
 11469 | D:13     | an eye of devastation changed into an anaconda
 11469 | D:13     | Noticed an anaconda (shapeshifter)
 11568 | D:13     | Noticed a centaur warrior
 11573 | D:13     | Killed a centaur warrior
 11743 | D:13     | Noticed a centaur warrior
 11744 | D:13     | Noticed Rupert
 11751 | D:13     | Killed a centaur warrior
 11756 | D:13     | Slain by Rupert
                  | ... wielding a +1 great sword of electrocution
                  | (33 damage)
 11760 | D:13     | Demolished by Rupert
                  | ... wielding a +1 great sword of electrocution
                  | (28 damage)
 11763 | D:13     | Killed Rupert
 11821 | D:13     | Noticed a centaur warrior
 11834 | D:13     | Killed a centaur warrior
 12337 | D:13     | Noticed a centaur warrior
 12346 | D:13     | Killed a centaur warrior
 12503 | D:13     | Noticed an ice dragon
 12554 | D:14     | Noticed a centaur warrior
 12564 | D:14     | Reached XP level 14. HP: 36/108 MP: 24/24
 12567 | D:14     | HP: 4/108 [centaur warrior (4)]
 12568 | D:14     | Slain by a centaur warrior (6 damage)
 12729 | D:14     | Reached ***** piety under the Shining One
 12905 | D:14     | Reached skill level 10 in Shields
 13027 | D:14     | Noticed an ironbound preserver
 13029 | D:14     | Found a gate to the Vaults.
 13039 | D:14     | HP: 3/109 [tengu warrior/+0 great sword (5)]
 13042 | D:14     | Slain by an ironbound preserver
                  | ... wielding a +0 morningstar
                  | (8 damage)
 13048 | D:14     | Killed an ironbound preserver
 13053 | D:14     | Slain by a cyclops (16 damage)
 13070 | D:14     | HP: 3/109 [fire elemental[a deep elf pyromancer] (5)]
 13070 | D:14     | Slain by a fire elemental (5 damage)
                  | ... summoned by a deep elf pyromancer
 13151 | D:14     | Reached skill level 10 in Armour
 13156 | D:14     | Reached skill level 15 in Axes
 13348 | D:14     | Found a shimmering blue altar of Sif Muna.
 13977 | D:14     | Reached skill level 10 in Fighting
 14571 | D:15     | Entered Level 15 of the Dungeon
 14830 | D:15     | Identified the +3 arbalest of Offence {elec, Str+2}
 15308 | D:15     | Slain by a two-headed ogre
                  | ... wielding a +0 giant club
                  | (14 damage)
 15322 | D:15     | Reached skill level 5 in Invocations
 15556 | D:15     | Reached XP level 15. HP: 116/116 MP: 26/26
 15758 | D:15     | The Shining One protects you from harm!
 15759 | D:15     | HP: 5/116 [ice dragon (8)]
 15759 | D:15     | HP: 1/116 [ice dragon (4)]
 15759 | D:15     | Slain by an ice dragon

Illustrated notes

Levels and vault maps discovered:
D:1:      psy_arrival_fountain, layout_loops_ring,
          dreamdust_ecumenical_altar_grove
D:2:      layout_basic, nrook_loot_triangle
D:3:      layout_rooms, grunt_gozag_breadcrumbs, uniq_sigmund, uniq_jessica
D:4:      layout_cave_pools, nicolae_uskayaw_en_pointe
D:5:      layout_loops_ring, mainiacjoe_overflow_paths,
          minmay_temple_entry_offerings, minmay_crystal_room
D:6:      layout_basic, mainiacjoe_overflow_alcove_1
D:7:      layout_rooms, minmay_misc_feat_nine_boxes
D:8:      layout_loops_cross, chequers_temple_overflow_statue_of_worship,
          dpeg_oklobed_lair, uniq_pikel, uniq_joseph, uniq_psyche
D:9:      layout_loops_ring, mainiacjoe_overflow_boulevard, tgw_trog
D:10:     minmay_weird_star, layout_small_grid, enter_bailey_5,
          serial_co_window_serial, co_window_of_opportunity_a,
          co_window_paths_a, co_window_corner_a, co_window_corner_a,
          co_window_of_opportunity_a, co_window_corner_b,
          co_window_unsneaky_path_b, co_window_corner_b, co_window_broadway_c,
          co_window_unsneaky_path_a, glass_columns_a, glass_columns_a,
          glass_columns_c, glass_columns_c, uniq_sonja, uniq_maurice
D:11:     layout_cave_pods, orc_0_dummy, uniq_josephine, uniq_nergalle
D:12:     layout_cave_pools
D:13:     layout_basic, xom_shifter_show, uniq_snorg, uniq_rupert, uniq_erolcha
D:14:     layout_roguey, skrybe_vaults_entry_preservation, old_standard_altar
D:15:     grunt_enter_depths_hoard, layout_rooms
Temple:   nicolae_temple_god_jail
Lair:1:   layout_hall_layers

Skill      XL: |  1  2  3  4  5  6  7  8  9 10 11 12 13 14 |
---------------+-------------------------------------------+-----
Axes           | 4 5 7 8 10 11 13 14 15 | 15.6
Stealth        | 1 2 3 4 6 7 8 9 |  9.9
Spellcasting   | 1 2 3 4 5 6 7 |  7.4
Shapeshifting  | 1 2 3 4 5 6 7 |  7.2
Fighting       | 4 5 6 7 8 9 10 | 10.3
Armour         | 4 5 6 7 8 9 10 | 10.6
Shields        | 5 6 7 8 9 10 | 10.6
Invocations    | 1 3 5 |  5.0

Action                     |  1- 3 |  4- 6 |  7- 9 | 10-12 | 13-15 || total
---------------------------+-------+-------+-------+-------+-------++-------
  Melee: War axe           |   108 |    60 |   210 |       |       ||   378
         Battleaxe         |       |       |    62 |   320 |   418 ||   800
Ability: Dig               |       |       |       |     1 |       ||     1
    Use: Scroll            |       |     5 |       |     8 |       ||    13
 Armour: Scale mail        |    27 |       |       |       |       ||    27
         Chain mail        |    49 |    14 |       |       |       ||    63
         Plate armour      |       |    62 |   289 |   431 |   633 ||  1415
  Dodge: Dodged            |    49 |    30 |   118 |   129 |   213 ||   539
  Block: Buckler           |    37 |    13 |   100 |   128 |   163 ||   441

Table legend: (Time is in decaauts)
 A = Elapsed time spent in this place.
 B = Non-inter-level travel time spent in this place.
 C = Inter-level travel time spent in this place.
 D = Time resting spent in this place.
 E = Time spent auto-exploring this place.
 F = Levels seen in this place.
 G = Mean time per level.
                   A        B        C        D        E       F      G
               +--------+--------+--------+--------+--------+-----+--------+
         Total |  15925 |  15617 |    308 |    280 |  12580 |  17 |  936.8 |
       Dungeon |  15856 |  15548 |    308 |    280 |  12580 |  15 | 1057.1 |
        Temple |     32 |     32 |      0 |      0 |      0 |   1 |   32.0 |
          Lair |     35 |     35 |      0 |      0 |      0 |   1 |   35.0 |
               +--------+--------+--------+--------+--------+-----+--------+

Top non-repeatable levels by time:
    D:14: 2042 daAuts
    D:13: 1749 daAuts
    D:10: 1364 daAuts
     D:6: 1214 daAuts
    D:15: 1181 daAuts
     D:9: 1098 daAuts
    D:11: 1081 daAuts
    D:12: 858 daAuts
     D:8: 846 daAuts
     D:5: 833 daAuts
     D:4: 801 daAuts
     D:7: 763 daAuts
     D:1: 689 daAuts
     D:3: 675 daAuts
     D:2: 655 daAuts
